AoeStats
← HonorBitch

Arabia

509974528Analyzed
3v3 RM · 4d ago on Sep 28, 2026· 29m 36s· 6 players
Game mode
Random Map
Map size
Normal (6 player)
Population
200
Speed
Normal
Resources
Standard
Victory
Conquest
Starting age
Dark Age
Ending age
Imperial Age
RankedLock teamsTeams togetherTeam positionsShared explorationLock speedFull tech treeHidden civsTurbo modeCheats
Victory
Defeat
🇧🇪 Cumans · Belgium
1064
+10
🇷🇺 Celts · Russia
1006
+12
🇪🇸 Mapuche · Spain
915
+15
🇺🇾 Berbers · Uruguay
1006
-15
🇺🇾 Magyars · Uruguay
994
-16
🇪🇸 Mongols · Spain
732
-6
VitoPedroPiranha
0:28 Loom
12:10 Feudal Age
12:42 Double-Bit Axe
23:48 Castle Age
23:29 Bloodlines
23:32 Forging
23:45 Scale Barding Armor
25:16 Iron Casting
25:36 Husbandry
HonorBitch
5:42 Loom
13:00 Feudal Age
16:35 Wheelbarrow
17:43 Man-at-Arms
18:10 Arson
elgs
7:59 Loom
10:47 Feudal Age
11:57 Double-Bit Axe
17:30 Gold Mining
18:22 Padded Archer Armor
18:15 Fletching
21:50 Castle Age
21:01 Bloodlines
20:41 Horse Collar
22:00 Stone Mining
Lucuman
8:01 Loom
11:03 Feudal Age
15:38 Castle Age
14:56 Double-Bit Axe
14:51 Horse Collar
24:42 Forging
28:26 Wheelbarrow
El tigre Abelardo
6:01 Loom
9:46 Feudal Age
10:17 Double-Bit Axe
14:52 Scale Barding Armor
20:09 Castle Age
18:40 Stone Mining
19:31 Horse Collar
20:22 Fletching
22:38 Bodkin Arrow
24:15 Chain Barding Armor
26:17 Ballistics
Cairo
0:34 Loom
12:56 Feudal Age
21:34 Castle Age
21:34 Double-Bit Axe
22:14 Padded Archer Armor
24:36 Stone Mining
24:38 Gold Mining
24:30 Elite Skirmisher
29:15 Ballistics
29:04 Pikeman
Connection lost

Rejoining the realm…

Still unreachable

The connection could not be restored.

Session expired

The server has moved on; the page needs a fresh start.